 Dungeon Crawl Stone Soup version 0.30.0-3-ga4e48a9924 (webtiles) character file.

Game seed: 8832400895420603323

1301 firemarshallily the Nimble (level 8, -5/100 HPs)
             Began as a Gnoll Wanderer on May 7, 2023.
             Was an Initiate of Gozag.
             Slain by an iguana (8 damage)
             ... on level 5 of the Dungeon.
             The game lasted 00:19:38 (6052 turns).

firemarshallily the Nimble (Gnoll Wanderer)         Turns: 6052, Time: 00:19:40

Health: -5/100     AC: 24    Str: 14    XL:     8   Next: 57%
Magic:  14/14      EV:  2    Int: 16    God:    Gozag
Gold:   320        SH:  0    Dex: 13    Spells: 16/16 levels left

rFire   . . .        a - +2 mace
rCold   . . .        (no shield)
rNeg    . . .        b - melded +2 leather armour
rPois   +            (helmet currently unavailable)
rElec   .            (cloak currently unavailable)
rCorr   .            (gloves currently unavailable)
SInv    .            (boots currently unavailable)
Will    .....        o - amulet of the acrobat
Stlth   ++           p - +6 ring of intelligence
HPRegen 0.36/turn    w - +5 ring of evasion
MPRegen 0.14/turn

%: acrobat
@: tree-form, gold aura
A: stationary, stasis, torment immunity, boosted hp, (fangs 1), strong nose,
distributed training
a: Renounce Religion, Potion Petition, Call Merchant, Bribe Branch


You were on level 5 of the Dungeon.
You worshipped Gozag.
Gozag was aware of your devotion.
You were a tree.
You visited 1 branch of the dungeon, and saw 6 of its levels.

You collected 625 gold pieces.
You spent 221 gold pieces at shops.
You paid 84 gold pieces to Gozag.

Inventory:

Hand Weapons
 a - a +2 mace (weapon)
Missiles
 e - 14 poisoned darts (quivered)
 m - a throwing net
 n - 3 javelins
 q - 3 boomerangs
Armour
 b - a +2 leather armour (melded)
 i - a +0 plate armour
 l - a +1 leather armour of cold resistance
Jewellery
 o - an amulet of the acrobat (around neck)
 p - a +6 ring of intelligence (left branch)
 w - a +5 ring of evasion (right branch)
Wands
 s - a wand of roots (6)
 v - a wand of digging (6)
Scrolls
 c - 2 scrolls of teleportation
 h - a scroll of identify
 r - 2 scrolls of blinking
 t - 2 scrolls of amnesia
 x - a scroll of magic mapping
Potions
 d - a potion of haste
 f - a potion of might {unknown}
 g - a potion of lignification
 z - a potion of berserk rage {unknown}


   Skills:
 + Level 7.5 Fighting
 + Level 3.5 Short Blades
 + Level 3.5 Long Blades
 + Level 3.5 Axes
 + Level 5.8 Maces & Flails
 + Level 3.5 Polearms
 + Level 3.5 Staves
 + Level 3.5 Ranged Weapons
 + Level 3.5 Throwing
 + Level 3.5 Armour
 + Level 9.3 Dodging
 + Level 3.5 Stealth
 + Level 3.5 Shields
 + Level 3.5 Unarmed Combat
 + Level 4.5 Spellcasting
 + Level 2.9 Conjurations
 + Level 2.9 Hexes
 + Level 2.9 Summonings
 + Level 2.9 Necromancy
 + Level 2.9 Translocations
 + Level 2.9 Transmutations
 + Level 2.9 Fire Magic
 + Level 2.9 Ice Magic
 + Level 2.9 Air Magic
 + Level 2.9 Earth Magic
 + Level 2.9 Poison Magic
 + Level 3.9 Invocations
 + Level 3.5 Evocations


You had 16 spell levels left.
You didn't know any spells.
Your spell library was empty.

Dungeon Overview and Level Annotations

Branches:
Dungeon (6/15)
 Temple: D:4-7

Altars:
Ashenzari
Cheibriados
Gozag
Kikubaaqudgha
Qazlal
Yredelemnul

Shops:
D:1 *   D:4 [=[*


Innate Abilities, Weirdness & Mutations

You are a tree.
Your roots penetrate the ground, keeping you stationary.
You cannot be teleported.
You are immune to unholy pain and torment.
Your maximum health is greatly increased.
Your equipment is partially melded.
((You have very sharp teeth.))
Your uncanny sense of smell can sniff out nearby items.
Your experience applies equally to all skills.


Message History

The iguana bites you but does no damage.
Your centaur closely misses the orc.
Your centaur kicks the orc.
Your ogre hits the orc with a +0 giant club!!
The orc dies!
You hit the wight.
The wight is moderately damaged.
The iguana bites you but does no damage.
The orc hits you but does no damage.
The sky beast hits you but does no damage.
The wight hits you with a +2 battleaxe.
* * * LOW HITPOINT WARNING * * *
You feel drained.
* * * LOW HITPOINT WARNING * * *
Your centaur wields a +0 shortbow.
Your centaur shoots an arrow.
The arrow hits the orc!
The orc dies!
Unknown command.
You hit the wight but do no damage.
The wight is moderately damaged.
The sky beast hits you but does no damage.
The wight hits you but does no damage.
The iguana bites you but does no damage.
Your ogre hits the sky beast with a +0 giant club!!
The sky beast dies!
The iguana bites you.
* * * LOW HITPOINT WARNING * * *
The wight hits you but does no damage.
The wight hits your centaur with a +2 battleaxe.
Your life force feels restored.
Unknown command.
Okay, then.
Okay, then.
You closely miss the wight.
The wight is moderately damaged.
Your centaur smiles at you.
Your centaur unwields a +0 shortbow.
Your centaur hits the wight but does no damage.
Your centaur barely misses the wight.
The iguana bites you!
You die...
Your body crumbles into a pile of gold.

..............##..........<...##.
..............................###
.#............#................#
.####...#................##..###
## #...#.................#..#
#####......#.##............###
..........##.#....#.........###
....#...#......lz$#...........##
....##.........O♣c#.#.##.......#
..........<......$..####...#..##
..#.................# ##.###.#
.#####..............## ### ### .#
##.....###......# ##
#...#.#...#..### ##....#...####
##.......# ##.....##


You could see an iguana, a wight (ally target), a friendly ogre (summoned) and a
friendly centaur (summoned).

Vanquished Creatures
  A wraith (D:4)
  A black bear (D:4)
  A phantom (D:5)
  A kobold brigand (D:5)
  2 scorpions
  2 hounds (D:5)
  3 orc priests (D:3)
  6 iguanas
  A sleepcap (D:5)
  Jessica (D:2)
  A gnoll bouda (D:5)
  Robin (D:3)
  9 gnolls
  7 adders
  A shadow imp (D:5)
  2 ufetubi
  4 worms
  3 dart slugs
  10 orcs
  7 ball pythons
  5 bats
  8 endoplasms
  16 goblins
  14 hobgoblins
  4 jackals (D:1)
  4 quokkas
  A frilled lizard (D:3)
  16 kobolds
  22 rats
154 creatures vanquished.

Vanquished Creatures (collateral kills)
  A sky beast (D:5)
  2 orcs (D:5)
3 creatures vanquished.

Grand Total: 157 creatures vanquished

Notes
Turn   | Place    | Note
-------+----------+-------------------------------------------
     0 | D:1      | firemarshallily the Gnoll Wanderer began the quest for the
                  | Orb.
     0 | D:1      | firemarshallily set off with the following items: a +1
                  | mace, a +2 leather armour, a scroll of teleportation.
     0 | D:1      | Reached XP level 1. HP: 23/23 MP: 4/4
   147 | D:1      | Reached XP level 2. HP: 27/29 MP: 5/5
   183 | D:1      | Found Coumikke's General Store.
   198 | D:1      | Bought a potion of degeneration for 13 gold pieces
   369 | D:1      | Reached XP level 3. HP: 24/35 MP: 7/7
   476 | D:1      | Reached skill level 1 in Invocations
   932 | D:1      | Bought a scroll of summoning for 123 gold pieces
  1040 | D:2      | Reached skill level 1 in Short Blades
  1040 | D:2      | Reached skill level 1 in Long Blades
  1040 | D:2      | Reached skill level 1 in Axes
  1040 | D:2      | Reached skill level 1 in Polearms
  1040 | D:2      | Reached skill level 1 in Staves
  1040 | D:2      | Reached skill level 1 in Ranged Weapons
  1040 | D:2      | Reached skill level 1 in Throwing
  1040 | D:2      | Reached skill level 1 in Armour
  1040 | D:2      | Reached skill level 1 in Stealth
  1040 | D:2      | Reached skill level 1 in Shields
  1040 | D:2      | Reached skill level 1 in Unarmed Combat
  1040 | D:2      | Reached skill level 1 in Evocations
  1445 | D:2      | Reached XP level 4. HP: 41/41 MP: 8/8
  1557 | D:2      | Reached skill level 1 in Conjurations
  1557 | D:2      | Reached skill level 1 in Hexes
  1557 | D:2      | Reached skill level 1 in Summonings
  1557 | D:2      | Reached skill level 1 in Necromancy
  1557 | D:2      | Reached skill level 1 in Translocations
  1557 | D:2      | Reached skill level 1 in Transmutations
  1557 | D:2      | Reached skill level 1 in Fire Magic
  1557 | D:2      | Reached skill level 1 in Ice Magic
  1557 | D:2      | Reached skill level 1 in Air Magic
  1557 | D:2      | Reached skill level 1 in Earth Magic
  1557 | D:2      | Reached skill level 1 in Poison Magic
  1562 | D:2      | Noticed Jessica
  1572 | D:2      | Killed Jessica
  1784 | D:3      | Reached XP level 5. HP: 28/47 MP: 9/9
  2242 | D:3      | Noticed Robin
  3415 | D:3      | Reached XP level 6. HP: 25/53 MP: 11/11
  3523 | D:3      | Killed Robin
  3524 | D:3      | Reached skill level 5 in Maces & Flails
  3652 | D:4      | Found Cidghuaki's Antique Armour Emporium.
  3666 | D:4      | Found an opulent altar of Gozag.
  3905 | D:4      | Found Cufuyj's Jewellery Shoppe.
  3927 | D:4      | Noticed a black bear
  3934 | D:4      | Killed a black bear
  3972 | D:4      | Found a broken altar of Ashenzari.
  3972 | D:4      | Found a basalt altar of Yredelemnul.
  4036 | D:4      | Became a worshipper of Gozag Ym Sagoz the Greedy
  4090 | D:4      | Found Zazuzimn's Assorted Antiques.
  4127 | D:4      | Reached XP level 7. HP: 11/60 MP: 12/12
  4291 | D:4      | Bought a black potion for 19 gold pieces
  4291 | D:4      | Bought a potion of curing for 66 gold pieces
  4307 | D:4      | Found Lodatucoux's Armour Shoppe.
  4403 | D:4      | Found a snail-covered altar of Cheibriados.
  4842 | D:5      | Entered Level 5 of the Dungeon
  4986 | D:5      | Reached skill level 9 in Dodging
  5223 | D:5      | Noticed a wraith
  5284 | D:4      | Killed a wraith
  5285 | D:4      | Reached XP level 8. HP: 29/67 MP: 14/14
  5670 | D:5      | Found an ancient bone altar of Kikubaaqudgha.
  5737 | D:6      | Found a stormy altar of Qazlal.
  6051 | D:5      | HP: 2/96 [iguana (6)]
  6052 | D:5      | Slain by an iguana

Illustrated notes

Levels and vault maps discovered:
D:1:      giann_forest_graveyard, layout_loops_ring, serial_shops, shop_coins
D:2:      layout_basic, uniq_jessica
D:3:      layout_basic, minmay_misc_feat_tower, uniq_robin
D:4:      layout_loops_ring, chei_slow_surprise, nicolae_overflow_two_pavilions,
          mainiacjoe_overflow_brackets, serial_shops, shop, shop, shop,
          nicolae_shop_advertising_works [nicolae_subvault_shop_adworks],
          minmay_rat_hole
D:5:      layout_cave_pools, general_overflow_altar, corexii_shack
D:6:      minmay_skewed_foursquare, layout_layer_cave,
          mainiacjoe_overflow_small_starburst, minmay_temple_entry_mini_moons,
          uniq_grinder

Skill      XL: |  1  2  3  4  5  6  7 |
---------------+----------------------+-----
Invocations    | 1 2 3 |  3.9
Short Blades   | 1 2 3 |  3.5
Long Blades    | 1 2 3 |  3.5
Axes           | 1 2 3 |  3.5
Polearms       | 1 2 3 |  3.5
Staves         | 1 2 3 |  3.5
Ranged Weapons | 1 2 3 |  3.5
Throwing       | 1 2 3 |  3.5
Armour         | 1 2 3 |  3.5
Stealth        | 1 2 3 |  3.5
Shields        | 1 2 3 |  3.5
Unarmed Combat | 1 2 3 |  3.5
Evocations     | 1 2 3 |  3.5
Spellcasting   | 3 4 |  4.5
Conjurations   | 1 2 |  2.9
Hexes          | 1 2 |  2.9
Summonings     | 1 2 |  2.9
Necromancy     | 1 2 |  2.9
Translocations | 1 2 |  2.9
Transmutations | 1 2 |  2.9
Fire Magic     | 1 2 |  2.9
Ice Magic      | 1 2 |  2.9
Air Magic      | 1 2 |  2.9
Earth Magic    | 1 2 |  2.9
Poison Magic   | 1 2 |  2.9
Maces & Flails | 5 |  5.8
Fighting       | 7 |  7.5
Dodging        | 9 |  9.3

Action                     |  1- 3 |  4- 6 |  7- 9 || total
---------------------------+-------+-------+-------++-------
  Melee: Mace              |   102 |   227 |   193 ||   522
         Bite              |     7 |    20 |    28 ||    55
         Punch             |     1 |     2 |     8 ||    11
  Throw: Dart              |       |     5 |     3 ||     8
         Javelin           |       |       |     8 ||     8
    Use: Scroll            |       |    10 |     1 ||    11
         Potion            |       |     8 |     5 ||    13
   Stab: Sleeping          |     1 |     5 |     1 ||     7
         Distracted        |       |       |     1 ||     1
 Armour: Leather armour    |    32 |    44 |    29 ||   105
         Skin              |       |    45 |    12 ||    57
  Dodge: Dodged            |    72 |   202 |   244 ||   518
